 Dungeon Crawl Stone Soup version 0.27-a0-380-g150de4c316 (webtiles) character file.

Game seed: 875418970774963144

97759 hellse the Warrior (level 16, 112/112 HPs)
             Began as a Gargoyle Fighter on Jan 10, 2021.
             Was the Champion of Okawaru.
             Quit the game on level 15 of the Dungeon on Feb 17, 2021.
             The game lasted 00:37:59 (25504 turns).

hellse the Warrior (Gargoyle Fighter)              Turns: 25504, Time: 00:38:00

Health: 112/112    AC: 33    Str: 27    XL:     16   Next: 20%
Magic:  21/21      EV: 30    Int:  9    God:    Okawaru [******]
Gold:   1940       SH: 12    Dex: 17    Spells: 15/15 levels left

rFire    + . .     SeeInvis +   W - +9 eveningstar of Bloodstone {freeze, +Fly rElec rF-}
rCold    . . .     Faith    .   c - +0 kite shield
rNeg     + . .     Spirit   .   N - +3 scale mail of Ifioham {rF+ Str+3 Int-3 Dex+8}
rPois    ∞         Reflect  .   U - +2 helmet {SInv}
rElec    +         Harm     .   z - +0 cloak
rCorr    .         Rampage  .   J - +2 pair of gloves
Will     +....                  x - +0 pair of boots
Stlth    ..........             B - amulet of the acrobat
HPRegen  0.28/turn              b - +4 ring of evasion
MPRegen  0.17/turn              I - ring of protection from fire

@: acrobat
A: big wings, negative energy resistance 1, electricity resistance, unbreathing,
petrification resistance, miasma immunity, AC +12
a: Fly, Renounce Religion, Heroism, Finesse


You were on level 15 of the Dungeon.
You worshipped Okawaru.
Okawaru was exalted by your worship.
You visited 4 branches of the dungeon, and saw 24 of its levels.
You visited the Abyss 1 time.
You also visited: Sewer.

You collected 2122 gold pieces.
You spent 182 gold pieces at shops.

Inventory:

Hand Weapons
 k - the +9 morningstar "Ceoroav" {venom, rN+ Will+}
   (Okawaru gifted it to you on level 2 of the Abyss)

   It poisons the flesh of those it strikes.
   It protects you from negative energy.
   It affects your willpower, your defense against some magical effects.
 t - a +1 vampiric eveningstar
 S - the +5 dire flail of Ambiguity {flame, rPois rC++ Int+2}
   (Okawaru gifted it to you on level 3 of the Lair of Beasts)

   It has been specially enchanted to burn those struck by it, causing extra
   injury to most foes and up to half again as much damage against particularly
   susceptible opponents.
   It affects your intelligence (+2).
   It greatly protects you from cold.
   It protects you from poison.
 W - the +9 eveningstar of Bloodstone (weapon) {freeze, +Fly rElec rF-}
   (You acquired it on level 6 of the Lair of Beasts)

   It has been specially enchanted to freeze those struck by it, causing extra
   injury to most foes and up to half again as much damage against particularly
   susceptible opponents.
   It can also slow down cold-blooded creatures.
   It makes you vulnerable to fire.
   It insulates you from electricity.
   It lets you fly.
Missiles
 g - 9 javelins
 E - 13 silver javelins (quivered)
Armour
 c - a +0 kite shield (worn)
 u - a +1 chain mail of willpower
 x - a +0 pair of boots (worn)
 z - a +0 cloak (worn)
 J - a +2 pair of gloves (worn)
 N - the +3 scale mail of Ifioham (worn) {rF+ Str+3 Int-3 Dex+8}
   (You found it on level 9 of the Dungeon)

   It affects your strength (+3).
   It affects your intelligence (-3).
   It affects your dexterity (+8).
   It protects you from fire.
 P - the -1 pair of boots "Istrosch" {rC- Regen+ Int+4}
   (Okawaru gifted it to you on level 11 of the Dungeon)

   It affects your intelligence (+4).
   It makes you vulnerable to cold.
   It increases your rate of regeneration.
 U - a +2 helmet of see invisible (worn)
 Y - a scarf of shadows
Jewellery
 b - a +4 ring of evasion (left hand)
 w - a ring of see invisible
 B - an amulet of the acrobat (around neck)
 F - a ring of ice
 I - a ring of protection from fire (right hand)
 T - a ring of willpower
 V - a ring of protection from fire
Wands
 a - a wand of acid (18)
 d - a wand of polymorph (15)
 v - a wand of digging (18)
 A - a wand of flame (55)
 C - a wand of iceblast (26)
 D - a wand of charming (10)
 M - a wand of mindburst (25)
 R - a wand of paralysis (30)
Scrolls
 f - 4 scrolls of magic mapping
 i - 6 scrolls of fear
 j - 8 scrolls of removedness
 l - 11 scrolls of teleportation
 o - 4 scrolls of blinking
 s - 6 scrolls of fog
 y - 6 scrolls of amnesia
 G - 9 scrolls of identify
 X - a scroll of silence
 Z - 2 scrolls of enchant armour
Potions
 e - 13 potions of curing
 h - 7 potions of haste
 m - 3 potions of magic
 n - 2 potions of cancellation
 p - 7 potions of heal wounds
 q - 3 potions of might
 r - 2 potions of brilliance
 H - a potion of ambrosia
 K - 3 potions of mutation
 L - 2 potions of resistance
 O - a potion of invisibility
Miscellaneous
 Q - a phantom mirror


   Skills:
 - Level 17.0 Fighting
 - Level 16.9 Maces & Flails
 - Level 8.0 Throwing
 - Level 9.6 Armour
 - Level 4.3 Dodging
 - Level 7.2 Shields
 - Level 7.9 Invocations
 + Level 0.0 Evocations


You had 15 spell levels left.
You didn't know any spells.
Your spell library contained the following spells:

 Spells                   Type           Power        Failure   Level
 Freeze                   Ice            0%           91%         1
 Confusing Touch          Hex            0%           100%        3
 Frozen Ramparts          Ice            0%           100%        3
 Gell's Gravitas          Tloc           0%           100%        3
 Ignite Poison            Fire/Tmut/Pois 0%           100%        3
 Ozocubu's Armour         Ice            0%           100%        3
 Static Discharge         Conj/Air       0%           100%        3
 Hailstorm                Conj/Ice       0%           100%        4
 Petrify                  Tmut/Erth      0%           100%        4
 Summon Ice Beast         Ice/Summ       0%           100%        4
 Fireball                 Conj/Fire      0%           100%        5
 Lightning Bolt           Conj/Air       0%           100%        5
 Metabolic Englaciation   Hex/Ice        0%           100%        5
 Yara's Violent Unravell  Hex/Tmut       0%           100%        5
 Starburst                Conj/Fire      0%           100%        6
 Ignition                 Fire           0%           100%        8
 Shatter                  Erth           0%           100%        9
 Tornado                  Air            0%           100%        9


Dungeon Overview and Level Annotations

Branches:
Dungeon (15/15)            Temple (1/1) D:5            Lair (6/6) D:11
 Shoals (0/4) Lair:3       Spider (0/4) Lair:2        Slime (0/5) Lair:6
    Orc (2/2) D:11            Elf (0/3) Orc:2        Vaults (0/5) D:14
 Depths (0/5) D:15          Sewer (visited)

Altars:
Ashenzari
Cheibriados
Dithmenos
Elyvilon
Fedhas
Gozag
Hepliaklqana
Kikubaaqudgha
Makhleb
Nemelex Xobeh
Okawaru
Qazlal
Ru
Sif Muna
Trog
Uskayaw
Vehumet
Wu Jian
Xom
Yredelemnul
The Shining One
Beogh

Shops:
D:4 !x   D:9 !   D:11 (   D:14 !   Orc:2 *[(=

Annotations:
D:9 need rc++


Innate Abilities, Weirdness & Mutations

You are resistant to torment.
Your stone body is resilient. (AC +12)
You are immune to poison.
Your large and strong wings let you fly indefinitely.
You resist negative energy. (rN+)
You are resistant to electric shocks. (rElec)
You can survive without breathing.
You are immune to petrification.
You are immune to miasma.


Message History

Okay, then.
You're wearing all the rings you can.
Remove which one? (? for menu, Esc to cancel) < or
b - a +4 ring of evasion; > or
I - a ring of protection from fire You remove your +4 ring of evasion.
w - a ring of see invisible (left hand) You're wearing all the rings you can.
Remove which one? (? for menu, Esc to cancel) < or
w - a ring of see invisible; > or
I - a ring of protection from fire You remove your ring of see invisible.
You feel weaker.
Oops, that ring feels deathly cold.
Q - a cursed -4 ring of strength (left hand) Drop what? 52/52 slots (_ for help) (? for menu, Esc to quit)
Okay, then.
As you read the scroll of remove curse, it crumbles to dust.
You feel as if something is helping you.
Drop what? 52/52 slots (_ for help) (? for menu, Esc to quit)
You remove your -4 ring of strength.
You feel stronger.
You drop a -4 ring of strength.
b - a +4 ring of evasion (left hand)
Q - a -4 ring of strength You drop a -4 ring of strength.
You see here a phantom mirror.
Q - a phantom mirror Shopping list: removing a phantom mirror on D:4 Search for what [Enter for "."]? mirro You see here a potion of degeneration.
You see here a robe.
You see here a phantom mirror.
You can't carry that many items.
Done exploring.
Search for what [Enter for "mirro", or ? for help]?
Search for what [Enter for "mirro", or ? for help]? .
Save game and exit?
Welcome back, hellse the Gargoyle Fighter.
Okawaru says: Bring me glory in combat!
Press ? for a list of commands and other information.
Are you sure you want to abandon this character and quit the game? (Confirm with "yes".)

.....###.......#######.........##
..............## #####...........
...............###...............
.....................)...........
.................................
.......................#.........
....#####....#(.!#........<..#...
....# #....#(![#.....#.........
....# ##....#.[@#........#......
....# #.....#####........#...##.
....####............#.....#...+..
..........................#...###
.....................###.........
..(..................# #.........
............##+#.....# #.........
..(.........##.......###...#'#...
..#(...........#.........###.#...


There were no monsters in sight!

Vanquished Creatures
  A profane servitor (Abyss:2)
  A tentacled starspawn (Abyss:2)
  An orc warlord (Orc:2)
  A war gargoyle (D:13)
  The ghost of bjtr the Destroyer, a journeyman OpCj of Vehumet (D:13)
  2 entropy weavers (Lair:6)
  Nessos (D:14)
  4 dire elephants
  10 hydras
  A boulder beetle (D:15)
  An anaconda (Lair:6)
  2 centaur warriors
  2 dancing weapons (D:14)
  A death yak (Lair:5)
  A queen ant (Lair:6)
  6 two-headed ogres
  4 thrashing horrors
  An orc high priest (Orc:2)
  5 unseen horrors
  A death drake (shapeshifter) (D:15)
  A wolf spider zombie (D:14)
  2 wizards
  2 orc knights (Orc:2)
  10 ugly things
  A mana viper (Orc:2)
  9 orc sorcerers (Orc:2)
  A wolf spider (D:15)
  A salamander (D:15)
  4 cyclopes
  2 manticores
  7 elephants
  Joseph (Lair:1)
  4 black mambas
  A centaur zombie (D:11)
  An eye of devastation (Lair:6)
  A torpor snail (Lair:5)
  A gargoyle (D:11)
  13 cane toads
  10 komodo dragons
  A freezing wraith (D:15)
  A kobold demonologist (D:10)
  4 rime drakes
  A tengu conjurer (D:15)
  An efreet (D:15)
  A polar bear (shapeshifter) (D:15)
  5 trolls
  4 meliai
  A polar bear (Lair:6)
  5 slime creatures (D:10)
  20 blink frogs
  Sigmund (D:2)
  2 shadows
  8 wyverns
  33 yaks
  A vampire (Abyss:2)
  3 fire bats (Orc:2)
  A tarantella (shapeshifter) (D:14)
  8 basilisks
  A steam dragon (D:7)
  6 vampire mosquitoes
  6 wargs
  3 acid dragons
  19 soldier ants
  12 water moccasins
  Duvessa (D:6)
  A floating eye (Lair:6)
  An eye of draining (Lair:6)
  34 orc warriors
  17 ogres
  4 phantoms
  7 black bears
  11 ice beasts
  8 sky beasts
  4 wolves (Lair:4)
  8 centaurs
  8 kobold brigands
  21 bullfrogs
  Dowan (D:6)
  3 scorpions
  22 wights
  6 killer bees (D:9)
  6 howler monkeys
  An electric eel (Lair:3)
  3 jellies
  14 orc priests
  7 hounds
  Crazy Yiuf (D:4)
  A bullfrog zombie (D:7)
  4 centaur skeletons
  6 bullfrog skeletons
  20 orc wizards
  27 worker ants
  Terence (D:2)
  6 iguanas
  A killer bee zombie (D:6)
  The ghost of Snicker the Sneak, a weakling DsDe (D:6)
  A hound zombie (D:5)
  2 hound skeletons
  2 worker ant zombies
  Robin (D:3)
  A howler monkey zombie (D:7)
  18 adders
  7 river rats (Sewer)
  4 shadow imps
  2 white imps
  2 ufetubi
  2 oozes
  An adder skeleton (D:8)
  3 worms
  A dart slug (D:1)
  5 leopard geckos
  83 orcs
  5 bats
  4 giant cockroaches
  19 goblins
  6 hobgoblins
  6 jackals (D:7)
  3 quokkas
  11 ball pythons
  8 frilled lizards
  48 kobolds
  11 kobold skeletons (D:10)
  7 kobold zombies (D:10)
  28 rats
  A bush (D:4)
  A plant (Lair:6)
816 creatures vanquished.

Vanquished Creatures (others)
  41 fungi
  70 plants
  2 starspawn tentacles (Abyss:2)
113 creatures vanquished.

Grand Total: 929 creatures vanquished

Notes
Turn   | Place    | Note
-------+----------+-------------------------------------------
     0 | D:1      | hellse the Gargoyle Fighter began the quest for the Orb.
     0 | D:1      | Reached XP level 1. HP: 14/14 MP: 1/1
   104 | D:1      | Reached XP level 2. HP: 14/19 MP: 2/2
   973 | D:2      | Noticed Sigmund
   990 | D:2      | Killed Sigmund
   991 | D:2      | Reached skill level 4 in Fighting
   991 | D:2      | Reached skill level 5 in Maces & Flails
   991 | D:2      | Reached XP level 3. HP: 18/24 MP: 3/3
   991 | D:2      | Reached XP level 4. HP: 23/30 MP: 4/4
   991 | D:2      | Reached XP level 5. HP: 26/34 MP: 5/5
  1076 | D:2      | Noticed Terence
  1113 | D:2      | Killed Terence
  1255 | D:2      | Reached XP level 6. HP: 35/39 MP: 6/6
  1533 | D:2      | Found a hide-covered altar of Uskayaw.
  1661 | D:3      | Noticed an ice beast
  1669 | D:3      | Killed an ice beast
  1717 | D:3      | Found a glowing drain.
  1756 | Sewer    | Entered a sewer
  2065 | Sewer    | Reached XP level 7. HP: 43/44 MP: 7/7
  2185 | Sewer    | HP: 3/66 [adder (2)]
  3087 | D:4      | Found Xam Ceot's Gadget Boutique.
  3091 | D:4      | Found Munireok's Distillery.
  3108 | D:5      | Entered Level 5 of the Dungeon
  3140 | D:5      | Found a staircase to the Ecumenical Temple.
  3146 | Temple   | Entered the Ecumenical Temple
  3157 | Temple   | Became a worshipper of Warmaster Okawaru
  3324 | D:3      | Found a radiant altar of Vehumet.
  3359 | D:3      | Found an ancient bone altar of Kikubaaqudgha.
  3364 | D:3      | Noticed Robin
  3383 | D:3      | Killed Robin
  3710 | D:3      | Found a blossoming altar of Fedhas.
  4123 | D:4      | Bought a potion of heal wounds for 70 gold pieces
  4385 | D:4      | Reached XP level 8. HP: 45/48 MP: 8/8
  5138 | D:4      | Found a runed translucent door.
  5139 | D:4      | Noticed Crazy Yiuf
  5149 | D:4      | Killed Crazy Yiuf
  5736 | D:5      | Reached skill level 10 in Maces & Flails
  6140 | D:5      | Found a burning altar of Makhleb.
  6199 | D:6      | Found a transporter.
  6199 | D:6      | Found a transporter.
  6200 | D:6      | Noticed Snicker's ghost (weakling DsDe)
  6347 | D:6      | Reached skill level 5 in Fighting
  6362 | D:6      | Reached * piety under Okawaru
  6588 | D:6      | Found a shadowy altar of Dithmenos.
  6671 | D:6      | Reached skill level 6 in Fighting
  6727 | D:6      | Reached XP level 9. HP: 55/55 MP: 9/9
  7051 | D:6      | Noticed Duvessa
  7051 | D:6      | Noticed Dowan
  7087 | D:6      | Killed Duvessa
  7088 | D:6      | Reached skill level 7 in Fighting
  7095 | D:6      | Killed Dowan
  7565 | D:6      | Killed Snicker's ghost
  7576 | D:6      | Reached skill level 8 in Fighting
  7998 | D:7      | Reached skill level 9 in Fighting
  8067 | D:7      | Reached ** piety under Okawaru
  8239 | D:7      | Reached skill level 5 in Armour
  8384 | D:7      | Reached XP level 10. HP: 45/66 MP: 10/10
  8769 | D:8      | Reached skill level 1 in Invocations
  8807 | D:8      | Reached *** piety under Okawaru
  9023 | D:8      | Reached skill level 5 in Invocations
  9190 | D:8      | Found an opulent altar of Gozag.
  9274 | D:9      | Found a snail-covered altar of Cheibriados.
  9471 | D:9      | Reached **** piety under Okawaru
  9539 | D:9      | Found Raihy's Distillery.
  9567 | D:9      | Bought a potion of degeneration for 15 gold pieces
  9702 | D:9      | Noticed a two-headed ogre
  9724 | D:9      | Killed a two-headed ogre
  9729 | D:9      | Reached ***** piety under Okawaru
  9743 | D:9      | Found a broken altar of Ashenzari.
  9825 | D:9      | Reached XP level 11. HP: 71/71 MP: 15/15
  9834 | D:9      | Got a spiked scale mail
  9845 | D:9      | Identified the +3 scale mail of Ifioham {rF+ Str+3 Int-3
                  | Dex+8} (You found it on level 9 of the Dungeon)
  9951 | D:9      | Reached skill level 1 in Dodging
 10132 | D:10     | Entered Level 10 of the Dungeon
 10290 | D:10     | Received a gift from Okawaru
 10291 | D:10     | Got a crude great mace {god gift}
 10328 | D:10     | Identified the +3 great mace of Okawaru's Inspiration
                  | {venom, rPois Str+2 Dex-5} (Okawaru gifted it to you on
                  | level 10 of the Dungeon)
 10670 | D:10     | Found an ancient bone altar of Kikubaaqudgha.
 11696 | D:11     | Found a staircase to the Orcish Mines.
 11811 | D:11     | Found Dicuaq's Antique Weapon Emporium.
 11842 | D:11     | Noticed a two-headed ogre
 11848 | D:11     | Killed a two-headed ogre
 11898 | D:11     | Noticed a manticore
 11906 | D:11     | Killed a manticore
 12052 | D:11     | Received a gift from Okawaru
 12061 | D:11     | Got a pair of transparent boots {god gift}
 12067 | D:11     | Identified the -1 pair of boots "Istrosch" {rC- Regen+
                  | Int+4} (Okawaru gifted it to you on level 11 of the
                  | Dungeon)
 12104 | D:11     | Found a staircase to the Lair.
 12322 | D:11     | Noticed a cyclops
 12330 | D:11     | Killed a cyclops
 12549 | Lair:1   | Entered Level 1 of the Lair of Beasts
 12606 | Lair:1   | Reached XP level 12. HP: 72/76 MP: 16/16
 12621 | Lair:1   | Reached skill level 10 in Fighting
 12872 | Lair:1   | Noticed Joseph
 12884 | Lair:1   | Killed Joseph
 13226 | Lair:2   | Reached skill level 11 in Fighting
 13470 | Lair:2   | Found a hole to the Spider Nest.
 13506 | Lair:2   | Reached skill level 12 in Fighting
 14173 | Lair:3   | Noticed a six-headed hydra
 14181 | Lair:3   | Killed a six-headed hydra
 14181 | Lair:3   | Received a gift from Okawaru
 14187 | Lair:3   | Got a sapphire dire flail {god gift}
 14188 | Lair:3   | Identified the +5 dire flail of Ambiguity {flame, rPois
                  | rC++ Int+2} (Okawaru gifted it to you on level 3 of the
                  | Lair of Beasts)
 14349 | Lair:3   | Noticed a seven-headed hydra
 14357 | Lair:3   | Killed a seven-headed hydra
 14358 | Lair:3   | Reached skill level 13 in Fighting
 14438 | Lair:3   | Found a staircase to the Shoals.
 14460 | Lair:3   | Noticed a five-headed hydra
 14468 | Lair:3   | Killed a five-headed hydra
 14993 | Lair:3   | Got a transparent buckler
 15000 | Lair:3   | Identified the +5 buckler of Zathryab {*Slow rN+ Str+5}
                  | (You found it on level 3 of the Lair of Beasts)
 15053 | Lair:4   | Reached ****** piety under Okawaru
 15164 | Lair:4   | Reached skill level 14 in Fighting
 15165 | Lair:4   | Reached XP level 13. HP: 79/90 MP: 17/17
 15244 | Lair:4   | Received a gift from Okawaru
 15245 | Lair:4   | Got a smoking morningstar {god gift}
 15246 | Lair:4   | Identified the +2 morningstar of Discretion {speed, Dex+6}
                  | (Okawaru gifted it to you on level 4 of the Lair of Beasts)
 15928 | Lair:5   | Reached skill level 15 in Fighting
 16212 | Lair:5   | Received a gift from Okawaru
 16697 | Lair:6   | Entered Level 6 of the Lair of Beasts
 16934 | Lair:6   | Received a gift from Okawaru
 17023 | Lair:6   | Gained mutation: Your large and strong wings let you fly
                  | indefinitely. [Gargoyle growth]
 17023 | Lair:6   | Reached XP level 14. HP: 94/98 MP: 19/19
 17098 | Lair:6   | Found a staircase to the Slime Pits.
 17394 | Lair:6   | Identified a scroll of acquirement
 17396 | Lair:6   | Acquired the +9 eveningstar of Bloodstone {freeze, +Fly
                  | rElec rF-}
 17574 | Lair:6   | Noticed an entropy weaver
 17612 | Lair:6   | Noticed an entropy weaver
 17726 | Lair:6   | Killed an entropy weaver
 17854 | Lair:6   | Killed an entropy weaver
 17854 | Lair:6   | Received a gift from Okawaru
 17855 | Lair:6   | Found the +7 mace of Variability {chain chaos}
 18318 | Lair:6   | Reached skill level 15 in Maces & Flails
 18604 | Lair:6   | Noticed a dire elephant
 18604 | Lair:6   | Noticed a dire elephant
 18609 | Lair:6   | a dire elephant changed into a floating eye
 18612 | Lair:6   | Killed a dire elephant
 18620 | Lair:6   | Noticed a dire elephant
 18633 | Lair:6   | Killed a dire elephant
 18786 | Lair:6   | Noticed a dire elephant
 18792 | Lair:6   | Killed a dire elephant
 18933 | Orc:1    | Entered Level 1 of the Orcish Mines
 18981 | Orc:2    | Entered Level 2 of the Orcish Mines
 18997 | Orc:2    | Found Utiokoff's Antique Weapon Shop.
 19001 | Orc:2    | Paralysed by an orc sorcerer for 3 turns
 19174 | Orc:2    | Received a gift from Okawaru
 19288 | Orc:2    | Found Eloaqo's Jewellery Boutique.
 19377 | Orc:2    | Found a staircase to the Elven Halls.
 19913 | Orc:2    | Paralysed by an orc sorcerer for 7 turns
 20056 | Orc:2    | Noticed an orc warlord
 20058 | Orc:2    | Found Paveuhav's General Store.
 20072 | Orc:2    | Killed an orc warlord
 20376 | Orc:2    | Bought a scroll of enchant armour for 97 gold pieces
 20463 | Orc:2    | Found a burning altar of Makhleb.
 20550 | Orc:2    | Noticed Urug
 20560 | Orc:2    | Noticed Urug
 20560 | Orc:2    | Urug changed into Urug the mana viper
 20561 | Orc:2    | Killed Urug the mana viper
 20561 | Orc:2    | Received a gift from Okawaru
 20672 | Orc:2    | Found Sion's Antique Armour Emporium.
 20916 | D:12     | Reached XP level 15. HP: 104/104 MP: 20/20
 21481 | D:13     | Noticed bjtr's ghost (journeyman OpCj)
 21494 | D:13     | Found a runed translucent gate.
 21494 | D:13     | Found a runed translucent gate.
 21508 | D:13     | Found a runed translucent gate.
 21518 | D:13     | Reached skill level 5 in Shields
 21951 | D:13     | Found a bloodstained altar of Trog.
 22004 | D:13     | Found a roughly hewn altar of Beogh.
 22650 | D:13     | Killed bjtr's ghost
 22651 | D:13     | Reached skill level 16 in Fighting
 23039 | D:14     | Noticed Nessos
 23044 | D:14     | Reached skill level 1 in Throwing
 23063 | D:14     | Cast into level 2 of the Abyss (a wizard)
 23063 | Abyss:2  | Found a corrupted altar of Lugonu.
 23084 | Abyss:2  | Noticed a profane servitor
 23095 | Abyss:2  | Killed a profane servitor
 23095 | Abyss:2  | Received a gift from Okawaru
 23096 | Abyss:2  | Got a warped morningstar {god gift}
 23097 | Abyss:2  | Identified the +9 morningstar "Ceoroav" {venom, rN+ Will+}
                  | (Okawaru gifted it to you on level 2 of the Abyss)
 23145 | Abyss:2  | Noticed a tentacled starspawn
 23153 | Abyss:2  | Killed a tentacled starspawn
 23168 | D:14     | Escaped the Abyss
 23426 | D:13     | Reached skill level 5 in Throwing
 23448 | D:14     | Killed Nessos
 23507 | D:14     | Received a gift from Okawaru
 23647 | D:14     | Found a white marble altar of Elyvilon.
 23814 | D:14     | Found Opalucw's Distillery.
 24044 | D:14     | Found a gate to the Vaults.
 24193 | D:15     | Entered Level 15 of the Dungeon
 24193 | D:15     | Found a sparkling altar of Nemelex Xobeh.
 24279 | D:15     | Received a gift from Okawaru
 24444 | D:15     | Reached XP level 16. HP: 104/110 MP: 21/21
 24793 | D:15     | Found a staircase to the Depths.
 25422 | D:15     | Reached skill level 17 in Fighting
 25504 | D:15     | Upgraded the game from 0.27-a0-67-g4bfc8a49e1 to
                  | 0.27-a0-380-g150de4c316
 25504 | D:15     | Quit the game

Illustrated notes

Levels and vault maps discovered:
D:1:      minmay_arrival_split_and_join, layout_loops_ring
D:2:      minmay_wonky_spiral, layout_rooms, lemuel_doored_altar, uniq_sigmund,
          uniq_terence
D:3:      layout_loops_cross, nicolae_overflow_crystal_walls,
          lemuel_crystal_altar, fedhas_altar_1, portal_sewer_entry_f,
          hangedman_decor_slide_cut, kennysheep_generic_room_11, uniq_robin
D:4:      layout_layer_cave, serial_shops, shop_statue, shop_statue,
          serial_park_tiny_pond, uniq_crazy_yiuf_cottage
D:5:      layout_gridville, lightli_temple_of_fire, temple_green
D:6:      layout_basic, kennysheep_mini_moat, gammafunk_ghost_smash,
          grunt_ministairs_5, uniq_duvessa
D:7:      layout_cave_pools
D:8:      layout_gridville, grunt_gozag_statues
D:9:      lemuel_ice_spiral_2, layout_irregular_city,
          cheibrodos_ashenzari_chains, kennysheep_mini, serial_shops, shop
D:10:     wander_kiku_kobolds, layout_layer_cave, chequers_serial_rivers_room_b
D:11:     layout_loops_ring, david_lair_shrubbed, orc_0_dummy, serial_shops,
          nicolae_shop_behind_doors
D:12:     layout_roguey, drop_trap
D:13:     layout_basic, special_room [special_room_orc], gammafunk_ghost_split,
          basic_altar
D:14:     layout_basic, erik_vaults_1, serial_shops, shop,
          ebering_dispersal_statue_hall, elyvilon_altar_5, uniq_nessos
D:15:     hangedman_depths_entry_try_elsewhere_first, layout_basic,
          serial_corexii_hall, corexii_hall_statues_t, corexii_hall_statues_t,
          basic_altar, due_unseen_surprise
Temple:   cyrus_circular_temple
Lair:1:   layout_cave_shapes, minivault_19, grunt_megastairs_1, uniq_joseph
Lair:2:   layout_regular_city, spider_nest_entry_web_field, beast_lair_carwin_8
Lair:3:   layout_chaotic_city, minmay_shoals_entry_centaurs,
          chequers_serial_rivers_small_3, serial_bayou_lake_a,
          infiniplex_staircase_pool
Lair:4:   layout_roguey, chequers_serial_rivers_small_b
Lair:5:   layout_misc_corridors, serial_bayou_pond_a
Lair:6:   due_jungle_book, layout_cave_pods, minmay_slime_entry_eyes,
          zaba_antful_of_joy, grunt_megastairs_5
Orc:1:    layout_caves
Orc:2:    grunt_orc_gardens, layout_caves, grunt_orc_garden, grunt_orc_garden,
          grunt_orc_garden, grunt_orc_garden, basic_altar,
          nicolae_orc_lava_tube, uniq_urug

Skill      XL: |  1  2  3  4  5  6  7  8  9 10 11 12 13 14 15 16 |
---------------+-------------------------------------------------+-----
Maces & Flails | 5 6 8 10 12 14 16 | 16.9
Fighting       | 4 6 9 14 15 16 17 | 17.0
Armour         | 6 9 |  9.6
Invocations    | 5 7 |  7.9
Dodging        | 4 |  4.3
Shields        | 7 |  7.2
Throwing       | 8 |  8.0

Action                   |  1- 3 |  4- 6 |  7- 9 | 10-12 | 13-15 | 16-18 || total
-------------------------+-------+-------+-------+-------+-------+-------++-------
Melee: Flail             |    87 |   175 |   277 |       |       |       ||   539
       Club              |       |       |   390 |       |       |       ||   390
       Dire flail        |       |       |   110 |   619 |   340 |       ||  1069
       Great mace        |       |       |       |    32 |   239 |       ||   271
       Eveningstar       |       |       |       |       |   473 |   103 ||   576
Invok: Heroism           |       |       |       |       |     2 |       ||     2
Evoke: Wand              |       |       |       |       |     1 |       ||     1
  Use: Potion            |     1 |       |     4 |       |     3 |       ||     8
       Scroll            |       |     2 |    11 |     9 |    11 |     1 ||    34
 Stab: Distracted        |       |       |     1 |       |       |       ||     1
       Confused          |       |       |       |       |     1 |       ||     1
Armor: Scale mail        |    43 |   123 |   254 |   184 |   454 |    32 ||  1090
       Skin              |       |       |    36 |       |       |       ||    36
       Ring mail         |       |       |   124 |    87 |       |       ||   211
       Chain mail        |       |       |    24 |       |       |       ||    24
Dodge: Dodged            |    30 |    58 |   338 |   467 |   768 |    42 ||  1703
Block: Kite shield       |    54 |   100 |   300 |       |   262 |    50 ||   766

Table legend: (Time is in decaauts)
 A = Elapsed time spent in this place.
 B = Non-inter-level travel time spent in this place.
 C = Inter-level travel time spent in this place.
 D = Time resting spent in this place.
 E = Time spent auto-exploring this place.
 F = Levels seen in this place.
 G = Mean time per level.
                   A        B        C        D        E       F      G
               +--------+--------+--------+--------+--------+-----+--------+
         Total |  25142 |  23855 |   1287 |   3148 |  15982 |  26 |  967.0 |
       Dungeon |  15549 |  14811 |    738 |   1567 |  10185 |  15 | 1036.6 |
        Temple |     20 |     12 |      8 |      0 |      7 |   1 |   20.0 |
          Lair |   6141 |   5772 |    369 |    477 |   4333 |   6 | 1023.5 |
  Orcish Mines |   2040 |   1868 |    172 |    391 |   1130 |   2 | 1020.0 |
         Abyss |     97 |     97 |      0 |     48 |      0 |   1 |   97.0 |
         Sewer |   1292 |   1292 |      0 |    665 |    325 |   1 | 1292.0 |
               +--------+--------+--------+--------+--------+-----+--------+

Top non-repeatable levels by time:
  Lair:6: 1956 daAuts
     D:6: 1773 daAuts
    D:13: 1629 daAuts
   Orc:2: 1564 daAuts
     D:4: 1542 daAuts
    D:10: 1496 daAuts
   Sewer: 1292 daAuts
    D:15: 1271 daAuts
  Lair:3: 1072 daAuts
     D:3: 1009 daAuts
    D:11: 978 daAuts
     D:1: 962 daAuts
  Lair:5: 884 daAuts
     D:9: 849 daAuts
  Lair:2: 823 daAuts
